 Dungeon Crawl Stone Soup version 0.30-a0-311-gf115ab0292 (webtiles) character file.

Game seed: 11466581492525670911

147 purpskrrrp the Ducker (level 5, -5/41 HPs)
             Began as a Gnoll Wanderer on Oct 25, 2022.
             Was an Initiate of Vehumet.
             Killed by divine providence
             ... invoked by an orc priest
              (11 damage)
             ... on level 4 of the Dungeon.
             The game lasted 00:06:31 (3602 turns).

purpskrrrp the Ducker (Gnoll Wanderer)              Turns: 3602, Time: 00:06:32

Health: -5/41      AC:  7    Str: 14    XL:     5   Next: 29%
Magic:  1/9        EV: 13    Int: 11    God:    Vehumet [......]
Gold:   213        SH:  0    Dex: 11    Spells: 9/10 levels left

rFire   . . .      SeeInvis .    f - +3 mace
rCold   . . .      Faith    .    (no shield)
rNeg    . . .      Spirit   .    d - +0 leather armour
rPois   .          Reflect  .    n - +1 helmet
rElec   .          Harm     .    q - +0 cloak
rCorr   +          Rampage  .    r - +0 pair of gloves
Will    .....                    (no boots)
Stlth   ++........               (no amulet)
HPRegen 0.26/turn                i - ring of resist corrosion
MPRegen 0.11/turn                s - ring of flight

@: flying
A: fangs 1, strong nose, distributed training
a: Renounce Religion


You were on level 4 of the Dungeon.
You worshipped Vehumet.
Vehumet was noncommittal.
You visited 2 branches of the dungeon, and saw 5 of its levels.

You collected 213 gold pieces.

Inventory:

Hand Weapons
 a - a +0 mace
 f - a +3 mace (weapon)
Armour
 b - a +0 helmet
 d - a +0 leather armour (worn)
 k - a +0 plate armour
 n - a +1 helmet (worn)
 q - a +0 cloak (worn)
 r - a +0 pair of gloves (worn)
Jewellery
 i - a ring of resist corrosion (left hand)
 s - a ring of flight (right hand)
Wands
 m - a wand of acid (4)
Scrolls
 c - a scroll of blinking
 j - 2 scrolls of teleportation
 p - a scroll of amnesia
Potions
 e - 2 potions of ambrosia
 g - a potion of might
 h - 3 potions of degeneration
 l - a potion of brilliance
 t - a potion of lignification
 u - a potion of flight


   Skills:
 + Level 3.0 Fighting
 + Level 1.5 Short Blades
 + Level 1.5 Long Blades
 + Level 1.5 Axes
 + Level 3.0 Maces & Flails
 + Level 1.5 Polearms
 + Level 1.5 Staves
 + Level 1.5 Ranged Weapons
 + Level 1.5 Throwing
 + Level 1.5 Armour
 + Level 6.7 Dodging
 + Level 2.8 Stealth
 + Level 1.5 Shields
 + Level 1.5 Unarmed Combat
 + Level 3.2 Spellcasting
 + Level 5.5 Conjurations
 + Level 1.2 Hexes
 + Level 1.2 Summonings
 + Level 1.2 Necromancy
 + Level 1.2 Translocations
 + Level 1.2 Transmutations
 + Level 1.2 Fire Magic
 + Level 1.2 Ice Magic
 + Level 1.2 Air Magic
 + Level 1.2 Earth Magic
 + Level 1.2 Poison Magic
 + Level 1.7 Invocations
 + Level 1.5 Evocations


You had 9 spell levels left.
You knew the following spells:

 Your Spells              Type           Power      Damage    Failure   Level
a - Shock                 Conj/Air       36%        1d5       8%          1

Your spell library contained the following spells:

 Spells                   Type           Power      Damage    Failure   Level
 Apportation              Tloc           8%         N/A       19%         1
 Necrotise                Necr           16%        1d4       19%         1
 Summon Small Mammal      Summ           16%        N/A       19%         1
 Ensorcelled Hibernation  Hex/Ice        8%         N/A       28%         2
 Passwall                 Tmut/Erth      3%         N/A       28%         2
 Gell's Gravitas          Tloc           4%         N/A       50%         3
 Lesser Beckoning         Tloc           8%         N/A       50%         3
 Swiftness                Air            4%         N/A       50%         3
 Teleport Other           Tloc           4%         N/A       50%         3
 Iskenderun's Mystic Bla  Conj/Tloc      9%         2d4       61%         4
 Sticky Flame             Conj/Fire      9%         2d3       61%         4


Dungeon Overview and Level Annotations

Branches:
Dungeon (4/15)             Temple (1/1) D:4

Altars:
Kikubaaqudgha
Makhleb
Nemelex Xobeh
Okawaru
Qazlal
Ru
Sif Muna
Trog
Vehumet
Wu Jian
Xom
Yredelemnul
Zin
The Shining One

Shops:
D:3 =


Innate Abilities, Weirdness & Mutations

You have very sharp teeth.
Your uncanny sense of smell can sniff out nearby items.
Your experience applies equally to all skills.


Message History

You are too injured to fight recklessly!
You are too injured to fight recklessly!
You are too injured to fight recklessly!
You are too injured to fight recklessly!
You are too injured to fight recklessly!
You are too injured to fight recklessly!
You completely miss the orc. Your bite misses the orc.
The orc is severely wounded.
The orc closely misses you.
The orc priest invokes the aid of Beogh against you.
You barely resist.
The orc priest calls upon Beogh to heal the orc.
The orc is healed somewhat.
The orc hits you but does no damage.
You hit the orc.
The orc is almost dead.
The orc misses you.
You thump the orc!
You kill the orc!
Vehumet accepts your kill.
The orc priest calls down the wrath of Beogh upon you.
Beogh smites you!
* * * LOW HITPOINT WARNING * * *
You hit the orc priest.
The orc priest is moderately wounded.
The orc priest hits you with a +0 dagger.
* * * LOW HITPOINT WARNING * * *
Your magical contamination has completely faded away.
You sock the orc priest!
The orc priest is almost dead.
The orc priest barely misses you.
The orc priest looks braver for a moment.
You hit the orc priest.
The orc priest is almost dead.
The orc priest completely misses you.
You barely miss the orc priest.
You bite the orc priest, but do no damage.
The orc priest is almost dead.
The orc priest mumbles some strange prayers to Beogh against you.
Beogh smites you!
You die...

###### #....# #....# #....#
#####....# ######...........#
##...##.........).##
...#...........o@..###
#.....#.........##...###
#.#.#........).. ###...#
............)### ###.### ##.#.
.#.8.#...)...# #...# .#.#.
.....).#...o.####...####.###.#...
.8.>.8...#..........####.##......
.......#.........................
.#.8.#.†...................>.....


You could see an orc priest.

Vanquished Creatures
  An orc priest (D:4)
  4 adders
  A worm (D:3)
  8 orcs
  5 ball pythons
  4 endoplasms
  3 giant cockroaches
  2 goblins
  8 hobgoblins
  8 jackals
  5 kobolds
  5 quokkas
  3 bats
  4 frilled lizards
  6 rats
67 creatures vanquished.

Notes
Turn   | Place    | Note
-------+----------+-------------------------------------------
     0 | D:1      | purpskrrrp the Gnoll Wanderer began the quest for the Orb.
     0 | D:1      | purpskrrrp set off with the following items: a +0 mace, a
                  | +0 helmet, a scroll of blinking, a +0 leather armour; and
                  | the following spell memorised: Shock; and the following
                  | spells available to memorise: Iskenderun's Mystic Blast,
                  | Sticky Flame.
     0 | D:1      | Reached XP level 1. HP: 17/17 MP: 4/4
   498 | D:1      | Reached XP level 2. HP: 23/23 MP: 0/5
  1166 | D:2      | Reached XP level 3. HP: 28/28 MP: 2/7
  1178 | D:1      | Reached skill level 1 in Invocations
  1355 | D:2      | Found a shimmering altar of Xom.
  1695 | D:2      | Reached skill level 1 in Short Blades
  1695 | D:2      | Reached skill level 1 in Long Blades
  1695 | D:2      | Reached skill level 1 in Axes
  1695 | D:2      | Reached skill level 1 in Polearms
  1695 | D:2      | Reached skill level 1 in Staves
  1695 | D:2      | Reached skill level 1 in Ranged Weapons
  1695 | D:2      | Reached skill level 1 in Throwing
  1695 | D:2      | Reached skill level 1 in Armour
  1695 | D:2      | Reached skill level 1 in Shields
  1695 | D:2      | Reached skill level 1 in Unarmed Combat
  1695 | D:2      | Reached skill level 1 in Evocations
  1888 | D:2      | Reached XP level 4. HP: 34/34 MP: 4/8
  2300 | D:3      | Found Liasch's Jewellery Shoppe.
  2317 | D:3      | Found an ancient bone altar of Kikubaaqudgha.
  2951 | D:4      | Found a staircase to the Ecumenical Temple.
  2982 | D:4      | Reached skill level 1 in Hexes
  2982 | D:4      | Reached skill level 1 in Summonings
  2982 | D:4      | Reached skill level 1 in Necromancy
  2982 | D:4      | Reached skill level 1 in Translocations
  2982 | D:4      | Reached skill level 1 in Transmutations
  2982 | D:4      | Reached skill level 1 in Fire Magic
  2982 | D:4      | Reached skill level 1 in Ice Magic
  2982 | D:4      | Reached skill level 1 in Air Magic
  2982 | D:4      | Reached skill level 1 in Earth Magic
  2982 | D:4      | Reached skill level 1 in Poison Magic
  3017 | Temple   | Entered the Ecumenical Temple
  3125 | Temple   | Became a worshipper of Vehumet
  3319 | D:4      | Found a glowing silver altar of Zin.
  3410 | D:4      | Found a sparkling altar of Nemelex Xobeh.
  3474 | D:4      | Reached XP level 5. HP: 26/40 MP: 3/9
  3602 | D:4      | Killed from afar by an orc priest

Illustrated notes

Levels and vault maps discovered:
D:1:      minmay_arrival_doors, layout_loops_ring
D:2:      layout_basic, basic_altar
D:3:      layout_rooms, kiku_gazebo_garden_becter, serial_shops, shop
D:4:      layout_basic, kennysheep_little_box, nemelex_dance_club_becter,
          mainiacjoe_overflow_alcove_2, minmay_temple_entry_sparse_star,
          serial_shops, nicolae_shop_window_shopping
Temple:   nicolae_temple_ecumenical_triangle

Skill      XL: |  1  2  3  4  5 |
---------------+----------------+-----
Invocations    | 1 |  1.7
Short Blades   | 1 |  1.5
Long Blades    | 1 |  1.5
Axes           | 1 |  1.5
Polearms       | 1 |  1.5
Staves         | 1 |  1.5
Ranged Weapons | 1 |  1.5
Throwing       | 1 |  1.5
Armour         | 1 |  1.5
Shields        | 1 |  1.5
Unarmed Combat | 1 |  1.5
Evocations     | 1 |  1.5
Spellcasting   | 3 |  3.2
Hexes          | 1 |  1.2
Summonings     | 1 |  1.2
Necromancy     | 1 |  1.2
Translocations | 1 |  1.2
Transmutations | 1 |  1.2
Fire Magic     | 1 |  1.2
Ice Magic      | 1 |  1.2
Air Magic      | 1 |  1.2
Earth Magic    | 1 |  1.2
Poison Magic   | 1 |  1.2
Fighting       | 3 |  3.0
Maces & Flails | 3 |  3.0
Dodging        | |  6.7
Stealth        | |  2.8
Conjurations   | |  5.5

Action                   |  1- 3 |  4- 6 || total
-------------------------+-------+-------++-------
Melee: Mace              |    34 |    40 ||    74
       Bite              |       |     4 ||     4
 Cast: Shock             |    60 |    70 ||   130
  Use: Scroll            |       |    13 ||    13
Armor: Leather armour    |    16 |     9 ||    25
Dodge: Dodged            |    34 |    25 ||    59

Table legend: (Time is in decaauts)
 A = Elapsed time spent in this place.
 B = Non-inter-level travel time spent in this place.
 C = Inter-level travel time spent in this place.
 D = Time resting spent in this place.
 E = Time spent auto-exploring this place.
 F = Levels seen in this place.
 G = Mean time per level.
                   A        B        C        D        E       F      G
               +--------+--------+--------+--------+--------+-----+--------+
         Total |   3619 |   3440 |    179 |    152 |   2743 |   5 |  723.8 |
       Dungeon |   3505 |   3330 |    175 |    152 |   2666 |   4 |  876.2 |
        Temple |    113 |    109 |      4 |      0 |     77 |   1 |  113.0 |
               +--------+--------+--------+--------+--------+-----+--------+

Top non-repeatable levels by time:
     D:1: 1252 daAuts
     D:2: 840 daAuts
     D:3: 779 daAuts
     D:4: 633 daAuts
  Temple: 113 daAuts
